 Dungeon Crawl Stone Soup version 0.29-a0-214-g17f627cfee (webtiles) character file.

Game seed: 4895590608712363261

590 Rennog the Cleaver (level 7, -1/64 HPs)
             Began as a Hill Orc Fighter on Feb 25, 2022.
             Slain by a two-headed ogre
             ... wielding a +0 giant club
              (24 damage)
             ... on level 5 of the Dungeon.
             The game lasted 00:05:01 (4782 turns).

Rennog the Cleaver (Hill Orc Fighter)               Turns: 4782, Time: 00:05:02

Health: -1/64      AC:  9    Str: 19    XL:     7   Next: 38%
Magic:  7/7        EV:  9    Int:  8    God:
Gold:   197        SH:  4    Dex: 12    Spells: 6/6 levels left

rFire   . . .      SeeInvis .   a - +0 war axe
rCold   . . .      Faith    .   c - +0 buckler
rNeg    . . .      Spirit   .   b - +0 scale mail
rPois   .          Reflect  .   q - +0 helmet
rElec   .          Harm     .   o - scarf {repulsion}
rCorr   .          Rampage  .   r - +0 pair of gloves
Will    .....                   (no boots)
Stlth   ..........              (no amulet)
HPRegen 0.20/turn               (no ring)
MPRegen 0.10/turn               (no ring)

@: mighty, repel missiles
A: no striking features
a: no special abilities


You were on level 5 of the Dungeon.
You visited 1 branch of the dungeon, and saw 5 of its levels.

You collected 197 gold pieces.

Inventory:

Hand Weapons
 a - a +0 war axe (weapon)
Armour
 b - a +0 scale mail (worn)
 c - a +0 buckler (worn)
 o - a scarf of repulsion (worn)
 q - a +0 helmet (worn)
 r - a +0 pair of gloves (worn)
Jewellery
 g - a ring of fire
Wands
 m - a wand of flame (20)
Scrolls
 h - a scroll of fog
 i - 2 scrolls of vulnerability
 k - a scroll of immolation {unknown}
 l - 2 scrolls of blinking
 n - a scroll of silence {unknown}
Potions
 d - a potion of might
 e - a potion of brilliance {unknown}
 f - a potion of ambrosia {unknown}
 j - 2 potions of magic
 p - a potion of curing {unknown}


   Skills:
 + Level 6.4 Fighting
 * Level 8.6 Axes
 - Level 3.2 Armour
 - Level 0.1 Dodging
 - Level 3.2 Shields


You had 6 spell levels left.
You didn't know any spells.
Your spell library contained the following spells:

 Spells                   Type           Power      Damage    Failure   Level
 Blink                    Tloc           0%         N/A       95%         2
 Lesser Beckoning         Tloc           0%         N/A       99%         3
 Fulminant Prism          Conj/Hex       0%         3d6       100%        4
 Iskenderun's Mystic Bla  Conj/Tloc      0%         2d3       100%        4
 Lee's Rapid Deconstruct  Erth           0%         3d5*      100%        5
 Manifold Assault         Tloc           0%         N/A       100%        5


Dungeon Overview and Level Annotations

Branches:
Dungeon (5/15)             Temple (0/1) D:4

Altars:


Message History

No target in view!
No target in view!
No target in view!
No target in view!
No target in view!
Things that are here:
a +0 dagger; a +0 robe You see here a +0 pair of gloves.
r - a +0 pair of gloves You start putting on your armour.
You continue putting on your +0 pair of gloves. x4
You finish putting on your +0 pair of gloves.
Things that are here:
a +0 trident; a +0 ring mail
Things that are here:
a +0 dagger; a +0 robe
Things that are here:
a +0 flail; an orc corpse You see here a +0 leather armour.
You now have 186 gold pieces (gained 11).
You open the door.
There is an open door here.
You now have 197 gold pieces (gained 11).
As you open the door, it creaks loudly!
You hear two shouts!
A two-headed ogre comes into view.
It is wielding a +0 giant club and a +0 giant spiked club.
A two-headed ogre is nearby!
You feel very mighty all of a sudden. You block the two-headed ogre's attack.
The two-headed ogre hits you with a +0 giant spiked club!!
You slice the two-headed ogre!!
The two-headed ogre is moderately wounded.
The two-headed ogre hits you with a +0 giant club!
The two-headed ogre hits you with a +0 giant spiked club.
You slash the two-headed ogre!
The two-headed ogre is heavily wounded.
The two-headed ogre misses you. The two-headed ogre barely misses you.
You slice the two-headed ogre!!
The two-headed ogre is almost dead.
The two-headed ogre hits you with a +0 giant club!!
You die...

#######......)..#### ##
#.....[########....# #.
#......+......+....# #.
#########......#......#....# #.
......[........##'#####....####.
................................
................................
................................
#######'#......@O...............
#.......######################'#
#........# .... ##.###..##
+..... # ##..# ####+#
#...####### #....#....+
#....'....# #...##....#


You could see a two-headed ogre.

Vanquished Creatures
  2 ogres (D:4)
  2 hounds
  2 jellies
  A gnoll shaman (D:3)
  A bullfrog skeleton (D:4)
  Natasha (thrice) (D:3)
  An iguana (D:3)
  An orc wizard (D:5)
  3 gnolls (D:4)
  4 adders
  A worm (D:4)
  2 dart slugs
  5 orcs
  4 endoplasms
  A giant cockroach (D:1)
  A goblin (D:2)
  3 hobgoblins
  7 ball pythons
  4 bats
  A frilled lizard (D:2)
  6 kobolds
  2 rats
57 creatures vanquished.

Notes
Turn   | Place    | Note
-------+----------+-------------------------------------------
     0 | D:1      | Rennog the Hill Orc Fighter began the quest for the Orb.
     0 | D:1      | Reached XP level 1. HP: 19/19 MP: 1/1
   322 | D:1      | Reached skill level 3 in Axes
   324 | D:1      | Reached XP level 2. HP: 25/27 MP: 2/2
  1582 | D:2      | Reached skill level 4 in Axes
  1582 | D:2      | Reached XP level 3. HP: 29/33 MP: 3/3
  1876 | D:2      | Found a faded altar of an unknown god.
  2414 | D:3      | Noticed Natasha
  2426 | D:3      | HP: 1/34 [Natasha (4)]
  2427 | D:3      | Killed Natasha
  2428 | D:3      | Reached skill level 5 in Axes
  2428 | D:3      | Reached XP level 4. HP: 2/41 MP: 4/4
  2770 | D:3      | Noticed Natasha
  2783 | D:3      | Killed Natasha
  3049 | D:3      | Noticed Natasha
  3057 | D:3      | Killed Natasha
  3058 | D:3      | Reached XP level 5. HP: 23/47 MP: 5/5
  3264 | D:3      | Reached skill level 5 in Fighting
  3349 | D:4      | Noticed an ogre
  3428 | D:3      | Reached skill level 6 in Axes
  3516 | D:3      | Reached XP level 6. HP: 48/56 MP: 6/6
  3601 | D:4      | Reached skill level 7 in Axes
  3858 | D:4      | Found a staircase to the Ecumenical Temple.
  4202 | D:4      | Noticed a yak
  4318 | D:4      | Reached skill level 8 in Axes
  4318 | D:4      | Reached XP level 7. HP: 53/63 MP: 7/7
  4512 | D:4      | Noticed a yak
  4667 | D:5      | Entered Level 5 of the Dungeon
  4763 | D:5      | Noticed a two-headed ogre
  4782 | D:5      | Slain by a two-headed ogre

Illustrated notes

Levels and vault maps discovered:
D:1:      dpeg_arrival_brainrot, layout_basic
D:2:      layout_loops_ring, shapermc_ecumenical_altar_venn,
          minmay_misc_feat_roman
D:3:      layout_loops_cross, uniq_natasha
D:4:      layout_cave_pools, minmay_temple_entry_from_below_a
D:5:      layout_gridville, kennysheep_donut, uniq_eustachio

Skill      XL: |  1  2  3  4  5  6 |
---------------+-------------------+-----
Axes           | 3 4 5 6 8 |  8.6
Fighting       | 4 5 6 |  6.4
Armour         | |  3.2
Dodging        | |  0.1
Shields        | |  3.2

Action                   |  1- 3 |  4- 6 |  7- 9 || total
-------------------------+-------+-------+-------++-------
Melee: War axe           |    81 |    91 |    23 ||   195
  Use: Scroll            |       |       |     4 ||     4
       Potion            |       |       |     1 ||     1
Armor: Scale mail        |    36 |    39 |     4 ||    79
Dodge: Dodged            |    48 |    54 |    12 ||   114
Block: Buckler           |    14 |    18 |     5 ||    37

Table legend: (Time is in decaauts)
 A = Elapsed time spent in this place.
 B = Non-inter-level travel time spent in this place.
 C = Inter-level travel time spent in this place.
 D = Time resting spent in this place.
 E = Time spent auto-exploring this place.
 F = Levels seen in this place.
 G = Mean time per level.
                   A        B        C        D        E       F      G
               +--------+--------+--------+--------+--------+-----+--------+
         Total |   4852 |   4474 |    378 |    650 |   3213 |   5 |  970.4 |
       Dungeon |   4852 |   4474 |    378 |    650 |   3213 |   5 |  970.4 |
               +--------+--------+--------+--------+--------+-----+--------+

Top non-repeatable levels by time:
     D:3: 1810 daAuts
     D:1: 1361 daAuts
     D:4: 836 daAuts
     D:2: 728 daAuts
     D:5: 116 daAuts
